 Dungeon Crawl Stone Soup version 0.26.1-11-gd32895ea62 (webtiles) character file.

Game seed: 11602545872907259845

219 Zeld the Sneak (level 5, 0/34 HPs)
             Began as an Octopode Brigand on May 15, 2021.
             Slain by a scorpion (9 damage)
             ... on level 4 of the Dungeon.
             The game lasted 00:03:25 (4394 turns).

Zeld the Sneak (Octopode Brigand)                   Turns: 4394, Time: 00:03:26

Health: 0/34       AC:  1    Str: 11    XL:     5   Next: 96%
Magic:  17/17      EV: 13    Int: 14    God:
Gold:   229        SH:  0    Dex: 13    Spells: 9/9 levels left

rFire    . . .     SeeInvis .   a - +2 dagger
rCold    . . .     Faith    .   (no shield)
rNeg     . . .     Spirit   .   (helmet restricted)
rPois    .         Reflect  .   (no amulet)
rElec    .         Harm     .   n - ring of magical power
rCorr    .         Rampage  .   (no ring)
Will     .....                  (no ring)
Stlth    ++++......             (no ring)
HPRegen  0.11/turn              (no ring)
MPRegen  0.15/turn              (no ring)
                                (no ring)
                                (no ring)

@: lethally poisoned (0 -> -19)
A: almost no armour, stealthy swim, amphibious, 8 rings, constrict 8, camouflage
1, gelatinous body 1
a: no special abilities


You were on level 4 of the Dungeon.
You visited 1 branch of the dungeon, and saw 4 of its levels.
You also visited: Sewer.

You collected 229 gold pieces.

Inventory:

Hand Weapons
 a - a +2 dagger (weapon)
Missiles
 b - 34 poisoned darts (quivered)
 c - 2 curare-tipped darts
Jewellery
 e - an uncursed ring of flight {unknown}
 n - a ring of magical power (left tentacle)
Scrolls
 g - 3 scrolls of remove curse
 h - 4 scrolls of teleportation
 k - 3 scrolls of enchant armour {unknown}
 o - a scroll of amnesia {unknown}
 r - a scroll of blinking {unknown}
Potions
 d - 2 potions of heal wounds {unknown}
 f - a potion of berserk rage {unknown}
 m - 3 potions of curing {unknown}
 q - a potion of might {unknown}


   Skills:
 - Level 2.0 Fighting
 * Level 5.0 Short Blades
 - Level 2.0 Throwing
 - Level 1.0 Dodging
 - Level 5.3 Stealth
 + Level 2.6 Spellcasting


You had 9 spell levels left.
You didn't know any spells.
Your spell library was empty.

Dungeon Overview and Level Annotations

Branches:
Dungeon (4/15)              Sewer (visited)
 Temple: D:4-7

Altars:
The Shining One


Innate Abilities, Weirdness & Mutations

You cannot wear most types of armour.
You are very stealthy in the water. (Stealth+)
You are amphibious.
You can wear up to eight rings at the same time.
You can use your tentacles to constrict eight enemies at once.
Your skin changes colour to match your surroundings (Stealth+).
Your rubbery body absorbs attacks. (AC +1, EV +1)


Message History

The scorpion poisons you!
You hit the scorpion but do no damage.
The scorpion is moderately wounded.
You constrict the scorpion.
You feel sick.
You hit the scorpion but do no damage. You squeeze the scorpion.
The scorpion is heavily wounded.
You constrict the scorpion.
You feel sick. The scorpion stings you!
* * * LOW HITPOINT WARNING * * *
You are lethally poisoned!
The scorpion poisons you!
You are too injured to fight recklessly!
You are too injured to fight recklessly!
You are too injured to fight recklessly!
You hit the scorpion but do no damage.
You squeeze the scorpion, but do no damage.
The scorpion is heavily wounded.
You constrict the scorpion.
* * * LOW HITPOINT WARNING * * *
You feel sick. The scorpion stings you!
You die...

,,,,** *,,,,,,,,,, ,,,,,*
*,,,,,,,,,, ,,,,,* *,,,,,,,,,,
,,,,,* ####### *,,,,,,,,,, ,,,,,*
#.....# *,,,,,,,,,, ,,,,,*
#.....# *,,,,,,,,,,
,,,,,****#####.....#*****,,,,,,,,
,,,,,,,,,.......s..+,,,,,,,,,,,,,
,,,,,,,,,......^@..#*****,,,*****
***,*****#####.....# *,,,**,,, *
*,*********#.....# *,,,**,** *
*,**,,,,,,,####..# *,,,*,>,, *
*,*,,,,,,,,* ##.# *,,,,,,,, *
*,*,,,,,,,,* #.## *,,**,,,, *
*,*,,,,***######..####*,,,,,,,, *
*,*,,,,* #..........#**,**,,,, *
*,*,,,,* #..........# *,**,,,,


You could see a scorpion.

Vanquished Creatures
  Purgy (Sewer)
  5 adders
  A worm (D:3)
  A dart slug (D:3)
  4 leopard geckos
  2 orcs (D:3)
  A giant cockroach (D:1)
  9 goblins
  8 hobgoblins
  8 jackals (D:1)
  2 ball pythons (D:3)
  12 bats
  4 frilled lizards
  8 kobolds
  5 rats
71 creatures vanquished.

Notes
Turn   | Place    | Note
-------+----------+-------------------------------------------
     0 | D:1      | Zeld the Octopode Brigand began the quest for the Orb.
     0 | D:1      | Reached XP level 1. HP: 14/14 MP: 1/1
   186 | D:1      | Reached XP level 2. HP: 18/19 MP: 2/2
   813 | D:1      | Reached skill level 1 in Spellcasting
  1084 | D:1      | Reached XP level 3. HP: 17/24 MP: 4/4
  2231 | D:2      | Reached XP level 4. HP: 29/29 MP: 6/6
  2812 | D:3      | Found a glowing golden altar of the Shining One.
  3322 | D:3      | Found a glowing golden altar of the Shining One.
  3726 | D:4      | Found a glowing drain.
  3733 | D:4      | Reached XP level 5. HP: 30/34 MP: 8/8
  3788 | Sewer    | Entered a sewer
  3882 | Sewer    | Noticed Purgy
  3906 | Sewer    | Killed Purgy
  3907 | Sewer    | Reached skill level 5 in Short Blades
  4394 | D:4      | Slain by a scorpion

Illustrated notes

Levels and vault maps discovered:
D:1:      saegor_arrival_simple_c, layout_basic, serial_forest,
          infiniplex_forest_corner_1, infiniplex_forest_diagonal,
          infiniplex_forest_straight_4, infiniplex_forest_lined_2,
          infiniplex_forest_clump_medium, infiniplex_forest_clump_large,
          infiniplex_forest_lined_3, serial_bayou_pond_d
D:2:      layout_basic
D:3:      layout_basic, lemuel_round_altar, st_stairs_10, tso_altar
D:4:      layout_basic, portal_sewer_entry_d

Skill      XL: |  1  2  3  4  5 |
---------------+----------------+-----
Spellcasting   | 1 2 |  2.6
Short Blades   | 3 4 5 |  5.0
Fighting       | |  2.0
Throwing       | |  2.0
Dodging        | |  1.0
Stealth        | |  5.3

Action                   |  1- 3 |  4- 6 || total
-------------------------+-------+-------++-------
Melee: Dagger            |    89 |    71 ||   160
       Constrict         |    20 |    20 ||    40
       Tentacles         |    12 |    16 ||    28
Throw: Dart              |       |    13 ||    13
  Use: Scroll            |       |     6 ||     6
 Stab: Sleeping          |     8 |     6 ||    14
Armor: Skin              |    13 |    12 ||    25
Dodge: Dodged            |   102 |    52 ||   154
